 Dungeon Crawl Stone Soup version 0.17-a0-1174-ge06b3cc (webtiles) character file.

213 Hanyuu the Insei (level 5, -7/34 HPs)
             Began as an Octopode Transmuter on May 29, 2015.
             Shot with an arrow by a centaur (9 damage)
             ... on level 3 of the Dungeon.
             The game lasted 00:05:58 (2173 turns).

Hanyuu the Insei (Octopode Transmuter)              Turns: 2173, Time: 00:05:58

Health: -7/34      AC:  2    Str:  9    XL:     5   Next: 90%
Magic:  14/17      EV: 20    Int: 16    God:
Gold:   126        SH:  0    Dex: 18    Spells: 3 memorised, 2 levels left

rFire  . . .     SeeInvis +       - Unarmed
rCold  . . .     Clarity  .     (shield currently unavailable)
rNeg   . . .     SustAt   .     (helmet currently unavailable)
rPois  x         Gourm    .     (no amulet)
rElec  .         Spirit   .     e - ring of see invisible
rCorr  .         Warding  .     i - ring of teleport control
rMut   .         Stasis   .     r - ring of magical power
MR     .....                    (no ring)
Stlth  ++........               (no ring)
                                (no ring)
                                (no ring)
                                (no ring)

@: spider-form, not resistant to hostile enchantments, unstealthy
A: almost no armour, amphibious, 8 rings, (constrict 8), (camouflage 0),
(gelatinous body 0)
a: End Transformation, Evoke Teleport Control


You were on level 3 of the Dungeon.
You were hungry.
You were a venomous arachnid creature.
You visited 1 branch of the dungeon, and saw 3 of its levels.

You collected 126 gold pieces.

Inventory:

Missiles
 a - 53 arrows
 d - 9 tomahawks (quivered)
Armour
 p - a +0 hat (melded)
Jewellery
 e - a ring of see invisible (left front leg)
 i - a ring of teleport control (right front leg)
 r - a ring of magical power (on tentacle)
Scrolls
 f - a scroll of noise {unknown}
 h - 3 scrolls of remove curse {unknown}
 j - 2 scrolls of random uselessness {unknown}
 m - a scroll of magic mapping {unknown}
 s - a scroll of recharging {unknown}
 t - a scroll of identify {unknown}
Potions
 g - 3 potions of curing
 l - a potion of brilliance {unknown}
 n - a potion of invisibility {unknown}
 q - a potion of haste {unknown}
 v - a potion of might {unknown}
Books
 b - a book of Changes

   Spells                             Type                      Level
   a - Beastly Appendage              Transmutation                1
   b - Sticks to Snakes               Transmutation                2
   c - Spider Form                    Transmutation/Poison         3
   d - Ice Form                       Ice/Transmutation            4
   e - Blade Hands                    Transmutation                5
Comestibles
 c - 2 bread rations
 k - 4 slices of pizza
 o - 5 chunks of flesh
 u - a meat ration


   Skills:
 + Level 2.0 Fighting
 - Level 2.0 Dodging
 * Level 5.5 Unarmed Combat
 - Level 2.0 Spellcasting
 + Level 2.9 Transmutations
 - Level 1.0 Poison Magic


You had 2 spell levels left.
You knew the following spells:

 Your Spells              Type           Power        Failure   Level  Hunger
a - Beastly Appendage     Trmt           ##....       24%         1    #......
b - Sticks to Snakes      Trmt           ##........   28%         2    ###....
c - Spider Form           Trmt/Pois      #.........   50%         3    ###....


Dungeon Overview and Level Annotations

Branches:
Dungeon (3/15)

Altars:


Innate Abilities, Weirdness & Mutations

You cannot wear most types of armour.
You are amphibious.
You can wear up to eight rings at the same time.
((You can use your tentacles to constrict eight enemies at once.))
((Your skin changes colour to match your surroundings (Stealth).))
((Your rubbery body absorbs attacks (AC +1).))


Message History

* * * LOW HITPOINT WARNING * * *
You see here an arrow.
Drink which item? (? for menu, Esc to quit)
Okay, then.
Casting: Spider Form
Confirm with . or Enter, or press ? or * to list all spells.
You turn into a venomous arachnid creature.
Your +0 hat melds into your body.
You are feeling hungry.
The centaur shoots an arrow.
The arrow hits you!
* * * LOW HITPOINT WARNING * * *
Drink which item? (? for menu, Esc to quit)
It was a potion of curing.
You feel better.
The centaur shoots an arrow.
The arrow barely misses you.
The centaur shoots an arrow.
The arrow hits you!
* * * LOW HITPOINT WARNING * * *
You see here an arrow.
The centaur shoots an arrow.
The arrow barely misses you.
The centaur shoots an arrow.
The arrow hits you!
You die...

###..)..#
#.......#
#.....#
#.......#
###.....#
#.).....#
........#
#.รท.....#
........#
#.......#
....#####
#.......# ....#
#(.(....# ....#
#.......+ ....#
#((s....# ...##
#######(#.......
...#
.......(#.######
...# ........#.#
...# ........#.#
...# .......c#.#
...# ......(.#.#
...# ........#+#
...#
.......c....


You could see a centaur.

Vanquished Creatures
  A crimson imp (D:3)
  Jessica (D:3)
  4 adders
  4 gnolls (D:2)
  4 giant geckos
  2 orcs (D:3)
  15 bats
  5 hobgoblins
  7 kobolds
  A quokka (D:2)
  7 giant cockroaches
  A giant newt (D:1)
  8 goblins
  6 jackals
  11 rats
77 creatures vanquished.

Notes
Turn   | Place    | Note
--------------------------------------------------------------
     0 | D:1      | Hanyuu the Octopode Transmuter began the quest for the Orb.
     0 | D:1      | Reached XP level 1. HP: 13/13 MP: 3/3
   114 | D:1      | Reached XP level 2. HP: 15/18 MP: 5/5
   463 | D:1      | Reached skill level 4 in Unarmed Combat
   733 | D:2      | Reached XP level 3. HP: 12/23 MP: 6/6
   738 | D:2      | Learned a level 2 spell: Sticks to Snakes
   742 | D:2      | Learned a level 3 spell: Spider Form
  1125 | D:2      | Reached skill level 1 in Poison Magic
  1146 | D:2      | Reached XP level 4. HP: 19/28 MP: 3/7
  1487 | D:2      | Reached skill level 5 in Unarmed Combat
  1721 | D:3      | Reached XP level 5. HP: 29/33 MP: 8/8
  2140 | D:3      | Noticed Jessica
  2150 | D:3      | Killed Jessica
  2166 | D:3      | Noticed a centaur
  2173 | D:3      | Shot with an arrow by a centaur

Vault maps used:
D:1:      lightli_arrival_statuegarden
D:2:      kennysheep_six_static_rooms, first_bread, eino_tiny_chamber
D:3:      roderic_batcave, uniq_jessica

Action                   |  1- 3 |  4- 6 || total
-------------------------+-------+-------++-------
Melee: Unarmed           |    73 |    90 ||   163
 Cast: Beastly Appendage |     2 |     3 ||     5
       Spider Form       |     1 |     3 ||     4
  Use: Potion            |       |     1 ||     1
 Stab: Sleeping          |     4 |     6 ||    10
  Eat: Chunk             |     1 |     3 ||     4
